 Dungeon Crawl Stone Soup version 0.29-a0-371-g91724d5b39 (webtiles) character file.

Game seed: 17849607587178088370

54 spaghetti the Covert (level 3, -5/35 HPs)
             Began as a Gnoll Delver on May 2, 2022.
             Was an Initiate of Cheibriados.
             Killed by nerve-wracking pain
             ... invoked by an orc priest
              (12 damage)
             ... on level 5 of the Dungeon.
             The game lasted 00:01:07 (557 turns).

spaghetti the Covert (Gnoll Delver)                  Turns: 557, Time: 00:01:07

Health: -5/35      AC:  3    Str: 12    XL:     3   Next: 91%
Magic:  4/4        EV: 13    Int: 10    God:    Cheibriados [......]
Gold:   0          SH:  0    Dex: 16    Spells: 4/4 levels left

rFire   . . .      SeeInvis +   a - +0 short sword {short}
rCold   . . .      Faith    .   (no shield)
rNeg    . . .      Spirit   .   b - +0 leather armour
rPois   .          Reflect  .   (no helmet)
rElec   .          Harm     .   (no cloak)
rCorr   .          Rampage  .   (no gloves)
Will    .....                   (no boots)
Stlth   ++++......              (no amulet)
HPRegen 0.11/turn               i - ring of see invisible
MPRegen 0.09/turn               (no ring)

@: slow
A: fangs 1, strong nose, distributed training
a: Renounce Religion


You were on level 5 of the Dungeon.
You worshipped Cheibriados.
Cheibriados was noncommittal.
You visited 2 branches of the dungeon, and saw 5 of its levels.


Innate Abilities, Weirdness & Mutations

You have very sharp teeth.
Your uncanny sense of smell can sniff out nearby items.
Your experience applies equally to all skills.


   Skills:
 + Level 6.5 Fighting
 + Level 4.6 Short Blades
 + Level 1.0 Long Blades
 + Level 1.0 Axes
 + Level 1.0 Maces & Flails
 + Level 1.0 Polearms
 + Level 1.0 Staves
 + Level 1.0 Slings
 + Level 1.0 Bows
 + Level 1.0 Crossbows
 + Level 1.0 Throwing
 + Level 1.0 Armour
 + Level 4.6 Dodging
 + Level 9.6 Stealth
 + Level 1.0 Shields
 + Level 1.0 Unarmed Combat
 + Level 1.0 Spellcasting
 + Level 0.7 Conjurations
 + Level 0.7 Hexes
 + Level 0.7 Summonings
 + Level 0.7 Necromancy
 + Level 0.7 Translocations
 + Level 0.7 Transmutations
 + Level 0.7 Fire Magic
 + Level 0.7 Ice Magic
 + Level 0.7 Air Magic
 + Level 0.7 Earth Magic
 + Level 0.7 Poison Magic
 + Level 1.0 Invocations
 + Level 1.0 Evocations


You had 4 spell levels left.
You didn't know any spells.
Your spell library contained the following spells:

 Spells                   Type           Power      Damage    Failure   Level
 Sting                    Tmut/Pois      4%         1d3       32%         1
 Poisonous Vapours        Pois/Air       2%         N/A       45%         2
 Olgreb's Toxic Radiance  Pois           1%         N/A       97%         4

Inventory:

Hand Weapons
 a - a +0 short sword (weapon) {short}
Armour
 b - a +0 leather armour (worn)
Jewellery
 i - a ring of see invisible (left hand)
   (You found it on level 6 of the Dungeon)
Wands
 g - a wand of digging (3)
Scrolls
 c - a scroll of fog
 d - a scroll of magic mapping {!r}
 h - a scroll of identify {unknown}

Dungeon Overview and Level Annotations

Branches:
Dungeon (7/15)             Temple (1/1) D:5

Altars:
Cheibriados
Dithmenos
Fedhas
Gozag
Hepliaklqana
Kikubaaqudgha
Makhleb
Nemelex Xobeh
Okawaru
Qazlal
Ru
Uskayaw
Wu Jian
Xom
Yredelemnul
The Shining One

Shops:
D:6 [

Annotations:
D:5 2 transporters

#.......#.# #...#
##....###....#
##..#...#...# ##
##....#.....# .##
##.o#####.>o#####..#
....(o.#.....#....#
###..o#...#o..#...##
###....###.......# #
#...#.#.#o..@..# ...
###...#........#
...#
#...#........###
#...
..#............#
#... #.....>.......#
#. .
#..............# #©
##.............# #.
#.............# #.
#.............


You could see an orc priest, an orc wizard (invisible) and an orc.


Message History

MASSIVE DAMAGE!! (PAUSE)
You feel yourself speed up. The orc priest closely misses you.
The orc hits you but does no damage.
You barely miss the orc priest. The orc closely misses you.
The orc priest barely misses you.
The adder hisses angrily.
You hit the orc priest. You closely miss the orc priest.
You bite the orc priest, but do no damage.
The orc priest hits you with a +0 short sword.
* * * LOW HITPOINT WARNING * * *
The orc barely misses you. 😨 HP[-5]
You take 5 damage, and now have 16/35 hp.
You closely miss the orc priest.
Unknown command.
Unknown command.
You hit the orc priest. The orc priest barely misses you.
The orc hits you with a +0 hand axe.
* * * LOW HITPOINT WARNING * * *
😨 HP[-3]
You take 3 damage, and now have 13/35 hp.
Unknown command.
As you read the scroll of fear, it crumbles to dust.
You assume a fearsome visage.
The orc wizard looks frightened!
The orc looks frightened!
The orc priest looks frightened!
The adder looks frightened!
The orc wizard mumbles some strange words.
The orc wizard flickers and vanishes for a moment.
Found an escape hatch in the floor.
There is a staircase to the Ecumenical Temple here.
You climb downwards.
Welcome to the Ecumenical Temple!
Found four altars.
There is a staircase back to the Dungeon here.
Unknown command.
Unknown command.
Your extra speed is starting to run out.
You feel yourself slow down.
Key pressed, stopping explore.
Unknown command. 😮 HP[+11]
You regained 11 hp, and now have 24/35 hp.
Unknown command.
Unknown command.
Key pressed, stopping explore.
Found a basalt altar of Yredelemnul. 😎 HP[+11]
Your hp is fully restored (35).
Found a hide-covered altar of Uskayaw.
Found an iron altar of Okawaru.
Found a glowing golden altar of the Shining One.
Found a blossoming altar of Fedhas.
Found a hazy altar of Hepliaklqana.
There is an empty arch of ancient stone here.
Found a shimmering altar of Xom.
Found a sparkling altar of Nemelex Xobeh.
Found a shadowy altar of Dithmenos.
Found a snail-covered altar of Cheibriados.
Found a burning altar of Makhleb.
Found a sacrificial altar of Ru.
Key pressed, stopping explore.
There is a fountain of clear blue water here.
Done exploring.
Search for what [? for help]? chei
There is a snail-covered altar of Cheibriados here.
Okay, then.
You kneel at the altar of Cheibriados.
Cheibriados welcomes you!
Cheibriados begins to support your attributes as your movement slows.
Cheibriados is now slowing the effects of poison on you.
Unknown command.
Press < or > to pray at altars.
(D) Dungeon (T) Temple
Where to? (Enter - Temple @ (x,y), ? - help)
There is an opulent altar of Gozag here.
There is a staircase back to the Dungeon here.
You climb upwards.
You hear the sound of rushing water.
There is an entrance to a sewer on this level.
Hurry and find it before the portal rusts away!
Level annotation: 2 transporters You hear the quick rusting of a very distant drain.
There is a staircase to the Ecumenical Temple here.
Unknown command.
An orc priest is nearby!
The orc priest calls down the wrath of Beogh upon you.
Beogh smites you! 😮 HP[-17]
You take 17 damage, and now have 18/35 hp.
MASSIVE DAMAGE!! (PAUSE)
The orc wizard mumbles some strange words.
The orc wizard flickers and vanishes for a moment.
The orc priest calls down the wrath of Beogh upon you.
Beogh smites you!
* * * LOW HITPOINT WARNING * * *
😱 HP[-11]
You take 11 damage, and now have 7/35 hp.
MASSIVE DAMAGE!! (PAUSE)
The orc priest mumbles some strange prayers to Beogh against you.
Pain shoots through your body!
You die...

Skill      XL: |  1  2  3 |
---------------+----------+-----
Stealth        | |  9.6
Invocations    | 1 |  1.0
Long Blades    | 1 |  1.0
Axes           | 1 |  1.0
Maces & Flails | 1 |  1.0
Polearms       | 1 |  1.0
Staves         | 1 |  1.0
Slings         | 1 |  1.0
Bows           | 1 |  1.0
Crossbows      | 1 |  1.0
Throwing       | 1 |  1.0
Armour         | 1 |  1.0
Shields        | 1 |  1.0
Unarmed Combat | 1 |  1.0
Spellcasting   | 1 |  1.0
Evocations     | 1 |  1.0
Fighting       | |  6.5
Short Blades   | |  4.6
Dodging        | |  4.6
Conjurations   | |  0.7
Hexes          | |  0.7
Summonings     | |  0.7
Necromancy     | |  0.7
Translocations | |  0.7
Transmutations | |  0.7
Fire Magic     | |  0.7
Ice Magic      | |  0.7
Air Magic      | |  0.7
Earth Magic    | |  0.7
Poison Magic   | |  0.7

Action                   || total
-------------------------++-------
Melee: Short sword       ||    13
       Bite              ||     1
  Use: Scroll            ||     1
       Potion            ||     1
 Stab: Sleeping          ||     5
Armor: Leather armour    ||     1
Dodge: Dodged            ||     7

Levels and vault maps discovered:
D:4:      layout_loops_corners, zin_purify, ebering_ghost_disaster_area
D:5:      gammafunk_steamed_eel, layout_rooms, gammafunk_temple_overflow_claw,
          minmay_temple_entry_arrows, cheibrodos_sewer_entry_bend, minivault_25,
          serial_bayou_pond_c, nrook_uturn
D:6:      layout_rooms, serial_shops, nicolae_stop_n_shop_1
D:7:      layout_gridville, enter_ossuary_2
Temple:   eino_temple_rhombus

Notes
Turn   | Place    | Note
-------+----------+-------------------------------------------
     0 | D:5      | Reached skill level 9 in Stealth
     0 | D:5      | spaghetti the Gnoll Delver began the quest for the Orb.
     0 | D:5      | Reached XP level 1. HP: 23/23 MP: 1/1
     0 | D:5      | magus.rc [v1.9.6]
     7 | D:5      | You add the spells Sting, Poisonous Vapours and Olgreb's
                  | Toxic Radiance to your library.
    15 | D:5      | Reached XP level 2. HP: 29/29 MP: 2/2
    36 | D:4      | Reached skill level 1 in Invocations
    36 | D:4      | Reached XP level 3. HP: 35/35 MP: 2/4
    41 | D:5      | Found a staircase to the Ecumenical Temple.
    48 | D:6      | Found Puffic's Armour Boutique.
    76 | D:7      | Reached skill level 1 in Long Blades
    76 | D:7      | Reached skill level 1 in Axes
    76 | D:7      | Reached skill level 1 in Maces & Flails
    76 | D:7      | Reached skill level 1 in Polearms
    76 | D:7      | Reached skill level 1 in Staves
    76 | D:7      | Reached skill level 1 in Slings
    76 | D:7      | Reached skill level 1 in Bows
    76 | D:7      | Reached skill level 1 in Crossbows
    76 | D:7      | Reached skill level 1 in Throwing
    76 | D:7      | Reached skill level 1 in Armour
    76 | D:7      | Reached skill level 1 in Shields
    76 | D:7      | Reached skill level 1 in Unarmed Combat
    76 | D:7      | Reached skill level 1 in Spellcasting
    76 | D:7      | Reached skill level 1 in Evocations
    91 | D:5      | Found a transporter.
   122 | Temple   | Entered the Ecumenical Temple
   534 | Temple   | Became a worshipper of Cheibriados the Contemplative
   555 | D:5      | HP: 7/35 [orc priest/divine providence (11)]
   557 | D:5      | Killed from afar by an orc priest

Vanquished Creatures
  A hound (D:4)
  An adder (D:5)
  A white imp (D:7)
  An ufetubus (D:6)
  A dart slug (D:4)
5 creatures vanquished.

Vanquished Creatures (others)
  A plant (D:5)
1 creature vanquished.

Grand Total: 6 creatures vanquished

Table legend:
 A = Non-vault XP
 B = Vault XP
 C = Vault XP percentage of total XP
 D = Non-vault monster count
 E = Vault monster count
 F = Vault count percentage of total count
                 A         B        C        D         E       F
            +---------+---------+-------+---------+---------+-------
      Total |      78 |       0 |   0.0 |       5 |       0 |   0.0
            +---------+---------+-------+---------+---------+-------
        D:4 |      46 |       0 |   0.0 |       2 |       0 |   0.0
        D:5 |      14 |       0 |   0.0 |       1 |       0 |   0.0
        D:6 |       8 |       0 |   0.0 |       1 |       0 |   0.0
        D:7 |      10 |       0 |   0.0 |       1 |       0 |   0.0
            +---------+---------+-------+---------+---------+-------

Illustrated notes

Table legend:
 A = Kills in this place as a percentage of kills in entire the game.
 B = Kills by you in this place as a percentage of kills by you in the entire game.
 C = Kills by friends in this place as a percentage of kills by friends in the entire game.
 D = Other kills in this place as a percentage of other kills in the entire game.
 E = Experience gained in this place as a percentage of experience gained in the entire game.
 F = Experience gained in this place divided by the number of levels of this place that you have seen.
                   A       B       C       D       E      F
               +-------+-------+-------+-------+-------+----------------------
         Total | 100.0 | 100.0 |   N/A |   N/A | 100.0 |  15.6
       Dungeon | 100.0 | 100.0 |   N/A |   N/A | 100.0 |  19.5
               +-------+-------+-------+-------+-------+----------------------

Table legend: (Time is in decaauts)
 A = Elapsed time spent in this place.
 B = Non-inter-level travel time spent in this place.
 C = Inter-level travel time spent in this place.
 D = Time resting spent in this place.
 E = Time spent auto-exploring this place.
 F = Levels seen in this place.
 G = Mean time per level.
                   A        B        C        D        E       F      G
               +--------+--------+--------+--------+--------+-----+--------+
         Total |    547 |    480 |     67 |      0 |    377 |   5 |  109.4 |
       Dungeon |    123 |    105 |     18 |      0 |     16 |   4 |   30.8 |
        Temple |    423 |    374 |     49 |      0 |    361 |   1 |  423.0 |
               +--------+--------+--------+--------+--------+-----+--------+

Top non-repeatable levels by time:
  Temple: 423 daAuts
     D:5: 72 daAuts
     D:6: 40 daAuts
     D:4: 7 daAuts
     D:7: 2 daAuts
